 Dungeon Crawl Stone Soup version 0.31-a0-233-g139696dc86 (webtiles) character file.

Game seed: 8623206317927275148

51 qw the Shooter (level 3, -1/29 HPs)
             Began as a Minotaur Hexslinger on July 8, 2023.
             Succumbed to a water moccasin's poison
             ... in a sewer.
             The game lasted 00:00:27 (1807 turns).

qw the Shooter (Minotaur Hexslinger)                Turns: 1807, Time: 00:00:28

Health: -1/29      AC:  5    Str: 12    XL:     3   Next: 57%
Magic:  2/3        EV: 11    Int: 10    God:
Gold:   145        SH:  0    Dex: 14    Spells: 3/4 levels left

rFire   . . .        Y - +1 sling (drain)
rCold   . . .        (no shield)
rNeg    . . .        g - +0 ring mail
rPois   .            (helmet restricted)
rElec   .            (no cloak)
rCorr   .            (no gloves)
SInv    .            (no boots)
Will    .....        h - amulet of guardian spirit
Stlth   +            (no ring)
HPRegen 0.24/turn    (no ring)
MPRegen 0.08/turn

%: guardian spirit
@: lethally poisoned (-1 -> -17)
A: horns 2, retaliatory headbutt
a: no special abilities


You were in a sewer.
You visited 1 branch of the dungeon, and saw 3 of its levels.
You also visited: Sewer.

You collected 145 gold pieces.


Innate Abilities, Weirdness & Mutations

You have a pair of horns on your head.
You reflexively headbutt those who attack you in melee.


   Skills:
 - Level 2.0 Fighting
 - Level 4.0 Ranged Weapons
 + Level 0.8 Armour
 - Level 2.1 Dodging
 - Level 1.0 Spellcasting
 - Level 2.0 Hexes


You had 3 spell levels left.
You knew the following spells:

 Your Spells              Type           Power      Damage    Failure   Level
a - Slow                  Hex            16%        N/A       34%         1

Your spell library contained the following spells:

 Spells                   Type           Power      Damage    Failure   Level
 Inner Flame              Hex/Fire       2%         N/A       83%         3
 Portal Projectile        Hex/Tloc       4%         N/A       83%         3
 Cause Fear               Hex            2%         N/A       98%         4

Inventory:

Hand Weapons
 Y - a +1 sling of draining (weapon)
Armour
 g - a +0 ring mail (worn)
Jewellery
 h - an amulet of guardian spirit (around neck)
Potions
 a - a potion of attraction {unknown}
 b - a potion of invisibility {unknown}
 c - a potion of might {unknown}
 d - a potion of heal wounds {unknown}
 f - a potion of curing
 j - a potion of degeneration {unknown}

Dungeon Overview and Level Annotations

Branches:
Dungeon (3/15)              Sewer (1/1)

Altars:


Message History

You drain the water moccasin.
The water moccasin is moderately wounded.
The water moccasin closely misses you.
You shoot a sling bullet.
The sling bullet misses the water moccasin.
The water moccasin bites you but does no damage.
The water moccasin bites you.
You shoot a sling bullet.
The sling bullet barely misses the water moccasin.
The water moccasin bites you but does no damage.
The water moccasin closely misses you. You furiously retaliate!
You headbutt the water moccasin. You shoot a sling bullet.
The sling bullet hits the water moccasin!
The water moccasin is almost dead.
The water moccasin bites you.
You are poisoned.
The water moccasin poisons you! The water moccasin bites you.
You are more poisoned.
The water moccasin poisons you!
You shoot a sling bullet.
The sling bullet barely misses the water moccasin.
You feel very sick.
The water moccasin bites you but does no damage.
The water moccasin misses you.
You shoot a sling bullet.
The sling bullet misses the water moccasin.
You feel very sick.
The water moccasin completely misses you.
The water moccasin bites you.
You are lethally poisoned!
The water moccasin poisons you!
You shoot a sling bullet.
The sling bullet hits the water moccasin but does no damage.
The water moccasin is almost dead.
You feel extremely sick. The water moccasin bites you.
You shoot a sling bullet.
The sling bullet closely misses the water moccasin.
You die...

!$#. ~#~#
#..~
##...##
#.~~..#
.~.~.##
#..S#
#~@##
#.~.#
##.~# #.
#~.# #..
#..# #~~#
##..# #.~.
#~~.#
#~.###.~##
#.~~#.~.#


You could see a water moccasin (drained).

Vanquished Creatures
  A gnoll (D:1)
  An adder (D:2)
  A worm (D:2)
  A bat (D:2)
  3 giant cockroaches
  A goblin (D:3)
  A hobgoblin (D:2)
  A jackal (Sewer)
  6 quokkas (D:3)
  3 ball pythons
  A frilled lizard (D:1)
  6 kobolds
  A rat (D:3)
27 creatures vanquished.

Notes
Turn   | Place    | Note
-------+----------+-------------------------------------------
     0 | D:1      | qw the Minotaur Hexslinger began the quest for the Orb.
     0 | D:1      | Reached XP level 1. HP: 16/16 MP: 1/1
     0 | D:1      | 0 ||| qw: Version: 0.3-a-46-gb1f654a
     0 | D:1      | 0 ||| qw: Game counter: 3621
     0 | D:1      | 0 ||| qw: Melee chars always use a shield: true
     0 | D:1      | 0 ||| qw: God list: Okawaru
     0 | D:1      | 0 ||| qw: Allow faded altars: false
     0 | D:1      | 0 ||| qw: Do Orc after clearing Dungeon:15 true
     0 | D:1      | 0 ||| qw: Do second Lair branch before Depths: true
     0 | D:1      | 0 ||| qw: Lair rune preference: random
     0 | D:1      | 0 ||| qw: Goals: Normal
     0 | D:1      | 0 ||| PLANNING D:1-11
    60 | D:1      | Reached skill level 3 in Ranged Weapons
    60 | D:1      | Reached XP level 2. HP: 23/23 MP: 2/2
   586 | D:1      | 586 ||| UPGRADING to +0 ring mail.
   596 | D:1      | 596 ||| DROPPING +0 robe.
   597 | D:1      | 597 ||| UPGRADING to amulet of guardian spirit.
   602 | D:1      | 602 ||| READING scroll labelled TEUVVA KYCLOANOSI.
   603 | D:1      | 603 ||| DRINKING 2 blue potions.
   604 | D:1      | 604 ||| DROPPING scroll of poison.
   907 | D:2      | Found a faded altar of an unknown god.
  1208 | D:2      | Reached XP level 3. HP: 29/29 MP: 3/3
  1640 | D:2      | 1640 ||| READING scroll labelled PITUURAKLU.
  1641 | D:2      | 1641 ||| READING scroll labelled ECOESS GUZUCW.
  1681 | D:3      | 1681 ||| PLANNING SEWER
  1731 | D:3      | Reached skill level 4 in Ranged Weapons
  1749 | D:3      | Found a glowing drain.
  1750 | D:3      | 1750 ||| READING scroll labelled PITAMNU YDWU.
  1757 | D:3      | 1757 ||| Stepping ~*~*~tactically~*~*~ (water).
  1767 | Sewer    | Entered a sewer
  1797 | Sewer    | Noticed a water moccasin
  1806 | Sewer    | HP: 4/29 [poisoned by a water moccasin]
  1807 | Sewer    | Succumbed to a water moccasin's poison

Levels and vault maps discovered:
D:1:      psy_arrival_radial02, layout_loops_ring
D:2:      layout_loops_corners, shapermc_ecumenical_altar_hornbeckon,
          minmay_vboxes
D:3:      wander_river, layout_basic, portal_sewer_entry_f,
          corexii_leaking_fountain, uniq_sigmund
Sewer:    sewer_the_moccasin

Skill      XL: |  1  2  3 |
---------------+----------+-----
Ranged Weapons | 3 4 |  4.0
Fighting       | 2 |  2.0
Armour         | |  0.8
Dodging        | |  2.1
Spellcasting   | |  1.0
Hexes          | |  2.0

Action                     || total
---------------------------++-------
   Fire: Sling             ||    90
    Use: Scroll            ||     4
         Potion            ||     1
 Armour: Robe              ||     2
         Ring mail         ||    25
  Dodge: Dodged            ||    37

Table legend:
 A = Non-vault XP
 B = Vault XP
 C = Vault XP percentage of total XP
 D = Non-vault monster count
 E = Vault monster count
 F = Vault count percentage of total count
                 A         B        C        D         E       F
            +---------+---------+-------+---------+---------+-------
      Total |      57 |      16 |  21.9 |      19 |       8 |  29.6
            +---------+---------+-------+---------+---------+-------
        D:1 |      23 |       0 |   0.0 |       8 |       0 |   0.0
        D:2 |      29 |       4 |  12.1 |       8 |       2 |  20.0
        D:3 |       5 |      10 |  66.7 |       3 |       5 |  62.5
      Sewer |       0 |       2 | 100.0 |       0 |       1 | 100.0
            +---------+---------+-------+---------+---------+-------
